 Dungeon Crawl Stone Soup version 0.27-a0-686-gaed091b46b (webtiles) character file.

Game seed: 2496125837648578615

735 porpoise the Sneak (level 7, -11/50 HPs)
             Began as an Octopode Conjurer on Mar 20, 2021.
             Killed by divine providence
             ... invoked by an orc priest
              (13 damage)
             ... on level 5 of the Dungeon.
             The game lasted 00:30:27 (6963 turns).

porpoise the Sneak (Octopode Conjurer)              Turns: 6963, Time: 00:30:28

Health: -11/50     AC:  1    Str:  6    XL:     7   Next: 74%
Magic:  0/10       EV: 14    Int: 20    God:
Gold:   55         SH:  5    Dex: 13    Spells: 7/10 levels left

rFire    . . .     SeeInvis .   a - +0 dagger (venom)
rCold    . . .     Faith    .   t - +0 buckler
rNeg     . . .     Spirit   .   (helmet restricted)
rPois    .         Reflect  .   (no amulet)
rElec    .         Harm     .   m - ring of willpower
rCorr    .         Rampage  .   (no ring)
Will     +....                  (no ring)
Stlth    ++++......             (no ring)
HPRegen  0.16/turn              (no ring)
MPRegen  0.12/turn              (no ring)
                                (no ring)
                                (no ring)

@: no status effects
A: almost no armour, amphibious, 8 rings, camouflage 1, gelatinous body 1,
nimble swimmer 1, tentacles
a: no special abilities


You were on level 5 of the Dungeon.
You visited 1 branch of the dungeon, and saw 5 of its levels.
You also visited: Sewer.

You collected 226 gold pieces.
You spent 171 gold pieces at shops.

Inventory:

Hand Weapons
 a - a +0 dagger of venom (weapon)
 b - a +1 hunting sling
Missiles
 d - 244 stones
 k - 74 bolts
 l - 27 sling bullets
 p - 16 poisoned darts
Armour
 t - a +0 buckler (worn)
Jewellery
 m - a ring of willpower (left tentacle)
Wands
 s - a wand of charming (12)
 v - a wand of flame (14)
Scrolls
 e - 2 scrolls of amnesia
 i - a scroll of enchant weapon
 r - 4 scrolls of teleportation
 x - a scroll of blinking
 y - a scroll of immolation {unknown}
Potions
 c - a potion of resistance
 f - 3 potions of lignification
 g - a potion of heal wounds
 h - 2 potions of invisibility
 j - a potion of might {unknown}
 n - a potion of degeneration {unknown}
 o - 3 potions of brilliance
 q - 4 potions of flight
 u - 2 potions of ambrosia {unknown}
 w - a potion of curing


   Skills:
 - Level 5.0 Fighting
 + Level 3.6 Dodging
 - Level 5.0 Stealth
 - Level 4.0 Shields
 - Level 2.3 Spellcasting
 - Level 4.3 Conjurations


You had 7 spell levels left.
You knew the following spells:

 Your Spells              Type           Power      Damage    Failure   Level
a - Magic Dart            Conj           76%        1d6       2%          1
b - Searing Ray           Conj           38%        3d4       4%          2

Your spell library contained the following spells:

 Spells                   Type           Power      Damage    Failure   Level
 Dazzling Flash           Conj/Hex       20%        N/A       19%         3
 Confusing Touch          Hex            2%         N/A       41%         3
 Gell's Gravitas          Tloc           1%         N/A       41%         3
 Fulminant Prism          Conj/Hex       5%         3d7       54%         4
 Iskenderun's Mystic Bla  Conj/Tloc      10%        2d4       54%         4
 Petrify                  Tmut/Erth      2%         N/A       83%         4
 Metabolic Englaciation   Hex/Ice        1%         N/A       99%         5
 Yara's Violent Unravell  Hex/Tmut       1%         3d3       99%         5


Dungeon Overview and Level Annotations

Branches:
Dungeon (5/15)              Sewer (visited)
 Temple: D:4-7

Altars:
Gozag
Kikubaaqudgha
Uskayaw
Wu Jian
Yredelemnul

Shops:
D:2 *   D:3 [   D:4 (?=


Innate Abilities, Weirdness & Mutations

You cannot wear most types of armour.
You are amphibious.
You can wear up to eight rings at the same time.
Your skin changes colour to match your surroundings (Stealth+).
Your rubbery body absorbs attacks. (AC +1, EV +1)
You are stealthy while swimming. (Stealth+)
You have tentacles for arms and can constrict up to eight enemies at once.


Message History

You kill the orc!
The searing ray hits the orc priest!
The orc priest is almost dead. (Press . to maintain the ray.)
The searing ray hits the orc priest.
The orc priest is heavily wounded.
The searing ray misses the orc priest.
The orc priest invokes the aid of Beogh against you.
Beogh smites you!
* * * LOW HITPOINT WARNING * * *
The searing ray misses the orc priest.
The searing ray hits the orc priest!
You kill the orc priest!
The orc priest miscasts a cantrip.
Training target 4.0 for Shields reached!
Your Shields skill increases to level 4!
The searing ray misses the orc priest.
You finish channeling your searing ray.
The orc priest calls down the wrath of Beogh upon you.
Beogh smites you!
* * * LOW HITPOINT WARNING * * *
Casting: Searing Ray (safe; 4% risk of failure)
Confirm with . or Enter, or press ? or * to list all spells.
Aiming: Magic Dart (safe; 2% risk of failure)
Press: ? - help, Shift-Dir - straight line, f - orc priest
Aim: an orc priest, wielding a +0 hand axe and wearing a +0 leather armour (heavily wounded, 0% to evade)
The magic dart hits the orc priest.
The orc priest is severely wounded.
Your +0 dagger of venom begins to drip with poison!
a - a +0 dagger of venom (weapon)
You hit the orc priest but do no damage.
The orc priest is poisoned.
You grab the orc priest. You squeeze the orc priest.
The orc priest is almost dead.
You constrict the orc priest, but do no damage.
The orc priest barely misses you.
You hit the orc priest but do no damage.
The orc priest is almost dead.
You constrict the orc priest, but do no damage.
The orc priest mumbles some strange prayers to Beogh against you.
Beogh smites you!
You die...

#.# ##.## #o# #.# #.#
#.# #.#### ##†## ...>.#
##...## ...#.# ##.....##
#..#.###......)## #
...#.##.........####..).
......[)........@o.))(((
...#.##.........####...#
.....###.......## #
##.### ##.....## ...
##...## ## ##'## #.# #.#
#.#


You could see an orc priest (very poisoned).

Vanquished Creatures
  2 ogres
  A bullfrog (D:2)
  A bullfrog zombie (D:5)
  3 orc priests
  An iguana (D:4)
  2 orc wizards
  A worker ant (D:4)
  9 adders
  An adder zombie (D:5)
  6 oozes (Sewer)
  An adder skeleton (D:4)
  6 worms
  A dart slug (D:1)
  7 leopard geckos
  14 orcs
  12 bats
  7 giant cockroaches
  8 goblins
  6 hobgoblins
  15 jackals
  11 kobolds
  A quokka (D:3)
  3 ball pythons
  A ball python skeleton (D:3)
  8 frilled lizards
  12 rats
140 creatures vanquished.

Vanquished Creatures (others)
  An orc wizard (D:5)
1 creature vanquished.

Grand Total: 141 creatures vanquished

Notes
Turn   | Place    | Note
-------+----------+-------------------------------------------
     0 | D:1      | porpoise the Octopode Conjurer began the quest for the Orb.
     0 | D:1      | Reached XP level 1. HP: 11/11 MP: 3/3
   247 | D:1      | Reached XP level 2. HP: 17/17 MP: 3/5
   849 | D:1      | Reached skill level 1 in Fighting
   939 | D:1      | Learned a level 2 spell: Searing Ray
   987 | D:1      | Reached XP level 3. HP: 23/23 MP: 2/6
  2288 | D:2      | Found Carchiymo's Assorted Antiques.
  2305 | D:2      | Bought a scroll labelled BOOCWE WYIMP for 24 gold pieces
  2305 | D:2      | Bought a sedimented puce potion for 21 gold pieces
  2501 | D:2      | Noticed a bullfrog
  2510 | D:2      | Killed a bullfrog
  2511 | D:2      | Reached XP level 4. HP: 26/31 MP: 7/7
  2794 | D:2      | Reached XP level 5. HP: 36/36 MP: 3/8
  3022 | D:3      | Found Daed's Armour Emporium.
  3722 | D:3      | Found an ancient bone altar of Kikubaaqudgha.
  3743 | D:3      | Found an ornate altar of the Wu Jian Council.
  3744 | D:3      | Found a hide-covered altar of Uskayaw.
  3897 | D:3      | Reached skill level 5 in Stealth
  4103 | D:3      | Reached XP level 6. HP: 43/43 MP: 9/9
  4539 | D:4      | Found a glowing drain.
  4595 | Sewer    | Entered a sewer
  4856 | Sewer    | Reached skill level 1 in Shields
  5653 | D:4      | Found Negrasi's Antique Weapon Shoppe.
  5745 | D:4      | Found Roiphiq's Magic Scroll Shoppe.
  5768 | D:4      | Bought a scroll of identify for 22 gold pieces
  5768 | D:4      | Bought a scroll of identify for 22 gold pieces
  5768 | D:4      | Bought a scroll of blinking for 82 gold pieces
  5803 | D:4      | Found an opulent altar of Gozag.
  5880 | D:4      | Found Vysoqoy's Jewellery Shop.
  6300 | D:4      | Reached skill level 5 in Fighting
  6379 | D:4      | Reached XP level 7. HP: 50/50 MP: 10/10
  6476 | D:4      | Found a basalt altar of Yredelemnul.
  6619 | D:5      | Entered Level 5 of the Dungeon
  6959 | D:5      | HP: 2/50 [orc priest/divine providence (14)]
  6963 | D:5      | Killed from afar by an orc priest

Illustrated notes

Levels and vault maps discovered:
D:1:      psy_arrival_radial01, layout_basic
D:2:      minmay_evil_eye, layout_basic, serial_shops, shop, st_stairs_4,
          minmay_misc_feat_iff
D:3:      kb_forest_paths, layout_basic, grunt_temple_overflow_open,
          serial_shops, shop
D:4:      layout_cave_pods, lemuel_coloured_pillars_altar,
          gup_sewer_entry_glass, serial_shops, nicolae_shop_behind_doors, shop,
          shop, nicolae_gozag_cash_rules_everything_around_me
D:5:      layout_loops_corners, minmay_temple_entry_statues_fountains,
          ebering_ghost_disaster_area

Skill      XL: |  1  2  3  4  5  6  7 |
---------------+----------------------+-----
Fighting       | 1 3 4 5 |  5.0
Stealth        | 3 4 5 |  5.0
Shields        | 3 4 |  4.0
Dodging        | 3 |  3.6
Spellcasting   | |  2.3
Conjurations   | |  4.3

Action                   |  1- 3 |  4- 6 |  7- 9 || total
-------------------------+-------+-------+-------++-------
Melee: Unarmed           |    29 |       |       ||    29
       Constrict         |    16 |    17 |     4 ||    37
       Tentacles         |     9 |     7 |     4 ||    20
       Dagger            |    27 |    77 |    11 ||   115
       Short sword       |     4 |       |       ||     4
 Fire: Hunting sling     |     7 |    54 |     8 ||    69
 Cast: Magic Dart        |    39 |    25 |     3 ||    67
       Searing Ray       |     2 |    12 |     5 ||    19
  Use: Scroll            |     2 |    10 |       ||    12
 Stab: Sleeping          |     4 |    18 |       ||    22
Armor: Skin              |     2 |    10 |       ||    12
Dodge: Dodged            |    39 |    45 |    10 ||    94
Block: Buckler           |       |    11 |     4 ||    15

Table legend: (Time is in decaauts)
 A = Elapsed time spent in this place.
 B = Non-inter-level travel time spent in this place.
 C = Inter-level travel time spent in this place.
 D = Time resting spent in this place.
 E = Time spent auto-exploring this place.
 F = Levels seen in this place.
 G = Mean time per level.
                   A        B        C        D        E       F      G
               +--------+--------+--------+--------+--------+-----+--------+
         Total |   6961 |   6679 |    282 |   2382 |   3394 |   6 | 1160.2 |
       Dungeon |   6051 |   5769 |    282 |   1971 |   3073 |   5 | 1210.2 |
         Sewer |    909 |    909 |      0 |    411 |    321 |   1 |  909.0 |
               +--------+--------+--------+--------+--------+-----+--------+

Top non-repeatable levels by time:
     D:1: 1721 daAuts
     D:4: 1440 daAuts
     D:3: 1368 daAuts
     D:2: 1290 daAuts
   Sewer: 909 daAuts
     D:5: 231 daAuts
